 Dungeon Crawl Stone Soup version 0.23.2-1-ga50397a (webtiles) character file.

Game seed: 3143780287397980033

87 kudosu the Ruffian (level 4, -2/44 HPs)
             Began as a Troll Monk on May 29, 2019.
             Slain by a gnoll
             ... wielding a +0 spear
              (7 damage)
             ... while paralysed
             ... on level 3 of the Dungeon.
             The game lasted 00:19:30 (1938 turns).

kudosu the Ruffian (Troll Monk)                     Turns: 1938, Time: 00:19:31

Health: -2/44      AC:  6    Str: 20    XL:     4   Next: 28%
Magic:  3/3        EV:  1    Int:  6    God:
Gold:   153        SH:  0    Dex: 12    Spells: 3/3 levels left

rFire    . . .     SeeInvis .   o - -2 mace (curse) {Pute maudite}
rCold    . . .     Gourm    +   (no shield)
rNeg     . . .     Faith    .   q - +0 robe
rPois    .         Spirit   .   (helmet restricted)
rElec    .         Reflect  .   (no cloak)
rCorr    +         Harm     .   (gloves unavailable)
MR       .....                  (boots unavailable)
Stlth    ++........             (no amulet)
HPRegen  0.54/turn              j - ring of resist corrosion
MPRegen  0.08/turn              (no ring)

@: paralysed, flying, fainting
A: large, unfitting armour, claws 3, fast metabolism 3, gourmand, regeneration
1, shaggy fur 1, tough skin 3
a: no special abilities


You were on level 3 of the Dungeon.
You were fainting.

You visited 1 branch of the dungeon, and saw 3 of its levels.

You collected 153 gold pieces.

Inventory:

Hand Weapons
 o - a cursed -2 mace (weapon) {Pute maudite}
 r - a +0 hunting sling
Missiles
 n - 18 poisoned needles
Armour
 q - a +0 robe (worn)
Jewellery
 j - a ring of resist corrosion (left claw)
Scrolls
 c - 3 scrolls of enchant weapon
 d - 2 scrolls of teleportation
 e - 3 scrolls of remove curse {unknown}
 f - a scroll of fog {unknown}
 g - 4 scrolls of magic mapping {unknown}
 h - a scroll of immolation {unknown}
 l - 4 scrolls of identify {unknown}
 p - a scroll of fear {unknown}
 s - a scroll of enchant armour {unknown}
Potions
 a - a potion of resistance {unknown}
 i - a potion of flight
 k - a potion of haste
 m - a potion of curing
Comestibles
 b - 3 rations


   Skills:
 + Level 2.8 Fighting
 + Level 0.1 Maces & Flails
 + Level 3.0 Dodging
 + Level 1.1 Stealth
 + Level 4.1 Unarmed Combat


You had 3 spell levels left.
You didn't know any spells.
Your spell library was empty.

Dungeon Overview and Level Annotations

Branches:
Dungeon (3/15)

Altars:
Uskayaw


Innate Abilities, Weirdness & Mutations

You are too large for most types of armour.
You have claws for hands.
Your metabolism is lightning-fast.
You like to eat raw meat.
Your natural rate of healing is unusually fast.
You are covered in fur. (AC +1)
You have extremely tough skin. (AC +3)


Message History

The gnoll is almost dead.
The gnoll completely misses you. The gnoll barely misses you.
The gnoll closely misses you.
It was a potion of flight.
You feel very buoyant.
You fly up into the air.
You are fainting from starvation!
The gnoll hits you with a +0 club.
* * * LOW HITPOINT WARNING * * *
The gnoll misses you.
You thump the gnoll!
You kill the gnoll!
The gnoll closely misses you.
You lose consciousness!
The gnoll hits you but does no damage. The gnoll hits you but does no damage.
The gnoll hits you.
* * * LOW HITPOINT WARNING * * *
The gnoll hits you but does no damage. x2
The gnoll hits you from afar with a +0 spear!
You die...

.....###.##
#....##........
.... #.#
#....##........
### #.#
#(...##........
#....##........
#....##........
##g####........
#.# #########
#.########.#
#.....@gg..#
############


You could see 2 gnolls.

Vanquished Creatures
  2 adders (D:2)
  A gnoll (D:3)
  An ooze (D:2)
  2 dart slugs (D:1)
  2 leopard geckos
  An orc (D:2)
  4 giant cockroaches
  8 goblins
  7 hobgoblins
  2 jackals (D:2)
  4 kobolds
  3 bats
  5 frilled lizards
  3 rats
45 creatures vanquished.

Notes
Turn   | Place    | Note
-------+----------+-------------------------------------------
     0 | D:1      | kudosu the Troll Monk began the quest for the Orb.
     0 | D:1      | Reached XP level 1. HP: 22/22 MP: 0/0
   198 | D:1      | Reached XP level 2. HP: 29/29 MP: 1/1
   800 | D:1      | Reached XP level 3. HP: 36/36 MP: 2/2
  1016 | D:2      | Reached skill level 4 in Unarmed Combat
  1016 | D:2      | Reached XP level 4. HP: 32/44 MP: 3/3
  1804 | D:3      | Found a hide-covered altar of Uskayaw.
  1926 | D:3      | HP: 1/44 [gnoll/+0 club (9)]
  1934 | D:3      | Paralysed by fainting for 5 turns
  1938 | D:3      | Slain by a gnoll

Skill      XL: |  1  2  3 |
---------------+----------+-----
Dodging        | 3 |  3.0
Unarmed Combat | 4 |  4.1
Fighting       | |  2.8
Maces & Flails | |  0.1
Stealth        | |  1.1

Action                   |  1- 3 |  4- 6 || total
-------------------------+-------+-------++-------
Melee: Unarmed           |    90 |    10 ||   100
       Punch             |     4 |       ||     4
       Mace              |       |    43 ||    43
  Use: Potion            |       |     3 ||     3
       Scroll            |       |     2 ||     2
 Stab: Sleeping          |     2 |     1 ||     3
  Eat: Chunk             |     2 |       ||     2
       Ration            |     1 |     2 ||     3
Armor: Robe              |    26 |    38 ||    64
Dodge: Dodged            |    32 |    61 ||    93
